 Dungeon Crawl Stone Soup version 0.16-a0-2675-g216447c (console) character file.

178642 nht the Shatterer (level 18, -3/200 HPs)
             Began as an Ogre Berserker on Nov 24, 2014.
             Was a High Priest of Trog.
             Slain by a redback (16 damage)
             ... on level 5 of the Spider Nest.
             The game lasted 01:01:28 (32530 turns).

nht the Shatterer (Ogre Berserker)                 Turns: 32530, Time: 01:01:28

Health: -3/200     AC:  9    Str: 33    XL:     18   Next: 21%
Magic:  18/18      EV: 10    Int:  4    God:    Trog [*****.]
Gold:   2600       SH:  0    Dex: 10    Spells: 0 memorised, 17 levels left

rFire  + + .     SeeInvis +     a - +8 giant club of the Vase {speed, Contam rElec rF+ MR+ Dex+3}
rCold  + . .     Clarity  .     N - +2 robe {rC+}
rNeg   . . .     SustAb   .     (shield restricted)
rPois  +         Gourm    .     w - +0 hat of an ice cave {rF+ Stlth++}
rElec  +         Spirit   .     P - +2 cloak {+Inv}
rCorr  .         Warding  .     (gloves unavailable)
rMut   .         Stasis   .     (boots unavailable)
MR     ++...                    J - amulet of regeneration (curse)
Stlth  +.........               C - ring "Shyemot" {rPois Slay+5 Stlth--}
                                t - ring of see invisible

@: very resistant to hostile enchantments, very unstealthy
A: unfitting armour, talons 1, breathe flames 1, clumsy 1, dopey 1, tough skin 1
a: Burn Spellbooks, Berserk, Trog's Hand, Brothers in Arms, Renounce Religion,
Breathe Fire, Evoke Invisibility


You were on level 5 of the Spider Nest.
You worshipped Trog.
Trog was extremely pleased with you.
You were not hungry.

You visited 4 branches of the dungeon, and saw 32 of its levels.
You also visited: Ice Cave.

You collected 4608 gold pieces.
You spent 2008 gold pieces at shops.

Inventory:

Hand weapons
 a - the +8 giant club of the Vase (weapon) {speed, Contam rElec rF+ MR+ Dex+3}
   (Trog gifted it to you in an ice cave)

   Attacks with this weapon are significantly faster.
   It affects your dexterity (+3).
   It protects you from fire.
   It insulates you from electricity.
   It affects your resistance to hostile enchantments.
   It causes magical contamination when unequipped.
 U - the +9 giant spiked club of Xail {freeze, +Fly rElec rPois Stlth+}
   (Trog gifted it to you on level 6 of the Lair of Beasts)

   It has been specially enchanted to freeze those struck by it, causing extra
   injury to most foes and up to double damage against particularly susceptible
   opponents.
   It can also slow down cold-blooded creatures.
   It insulates you from electricity.
   It protects you from poison.
   It lets you fly.
   It makes you more stealthy.
Missiles
 b - 11 javelins of returning
 g - 11 tomahawks (quivered)
 k - 6 steel javelins
 u - 11 silver javelins
 x - 38 large rocks
 z - 11 tomahawks of returning
 D - 14 poisoned tomahawks
 I - 4 poisoned javelins
 K - 8 steel tomahawks
 M - 15 javelins
 O - 7 javelins of penetration
 R - 2 tomahawks of dispersal
Armour
 w - the +0 hat of an ice cave (worn) {rF+ Stlth++}
   (You found it on level 2 of the Spider Nest)

   It protects you from fire.
   It makes you much more stealthy.
 E - a +1 hat of magic resistance
 N - a +2 robe of cold resistance (worn)
 P - a +2 cloak of invisibility (worn)
Jewellery
 f - the cursed ring "Cututz" {SustAb +Blink rElec rPois}
   (You found it on level 15 of the Dungeon)

   [ring of sustain abilities]

   It sustains your strength, intelligence and dexterity.
   It insulates you from electricity.
   It protects you from poison.
   It lets you blink.
   It has a curse placed upon it.
 i - an uncursed ring of teleportation
 j - an uncursed ring of protection from magic
 r - a +5 ring of evasion
 t - a ring of see invisible (left hand)
 C - the ring "Shyemot" (right hand) {rPois Slay+5 Stlth--}
   (You bought it in a shop on level 12 of the Dungeon)

   [ring of poison resistance]

   It affects your accuracy and damage with ranged weapons and melee attacks
   (+5).
   It protects you from poison.
   It makes you much less stealthy.
 H - an uncursed ring of flight
 J - a cursed amulet of regeneration (around neck)
 Z - the ring "Stuanef" {rC+ Slay+2}
   (You found it on level 8 of the Dungeon)

   [ring of protection from cold]

   It affects your accuracy and damage with ranged weapons and melee attacks
   (+2).
   It protects you from cold.
Scrolls
 d - 16 scrolls of remove curse
 e - 10 scrolls of identify
 n - 6 scrolls of fog
 q - 4 scrolls of fear
 s - 16 scrolls of teleportation
 v - 9 scrolls of magic mapping
 y - 8 scrolls of recharging
 B - 3 scrolls of enchant armour
 T - a scroll of blinking
Potions
 l - 3 potions of agility
 m - 6 potions of curing
 o - 2 potions of restore abilities
 A - 5 potions of heal wounds
 F - a potion of haste
 G - 3 potions of cure mutation
 L - 8 potions of might
Comestibles
 c - 17 meat rations
 h - 19 bread rations
 S - 4 royal jellies


   Skills:
 + Level 17.1 Fighting
 + Level 24.8 Maces & Flails
 + Level 15.9 Throwing
 + Level 11.7 Armour
 - Level 1.7 Dodging


You had 17 spell levels left.
You didn't know any spells.

Dungeon Overview and Level Annotations

Branches:
Dungeon (15/15)            Temple (0/1) D:4            Lair (8/8) D:9
  Swamp (0/5) Lair:3       Spider (5/5) Lair:6        Slime (0/6) Lair:8
    Orc (4/4) D:10            Elf (0/3) Orc:4        Vaults (0/5) D:14
 Depths (0/5) D:15

Altars:
Ashenzari
Elyvilon
Fedhas
Gozag
Okawaru
Ru
Sif Muna
Vehumet
Xom
The Shining One
Beogh

Shops:
D:6 :?:?*   D:12 =   D:15 **(   Orc:4 }[(!

Annotations:
D:8 fly


Innate Abilities, Weirdness & Mutations

You are too large for most types of armour.
You have tough skin (AC +1).
You have sharp toenails.
You can breathe flames.
You are clumsy. (Dex -2)
You are dopey. (Int -2)


Message History

* * * LOW HITPOINT WARNING * * *
The tarantella bites you.
* * * LOW HITPOINT WARNING * * *
You are confused.
Your ogre barely misses the tarantella.
The redback bites you!
* * * LOW HITPOINT WARNING * * *
The wolf spider hits you.
* * * LOW HITPOINT WARNING * * *
The wolf spider bites you!
* * * LOW HITPOINT WARNING * * *
You're too confused!
Drink which item? (? for menu, Esc to quit)
You feel better. The wolf spider hits you!
* * * LOW HITPOINT WARNING * * *
The wolf spider bites you.
* * * LOW HITPOINT WARNING * * *
The tarantella bites you!
* * * LOW HITPOINT WARNING * * *
The redback bites you!
You die... ██████

██.██.██ ███.....^█
█^..^....█ █(.^█.█..█
██....█^..█ █.....█...█
███ . █....██..████.████
≈..^≈███^....██^..^...██^
≈^...sss@O..^......█.....
..≈≈..ssss.^..█.█..█....^
.██^.'ss....█...█....███
█.███..........<..██ ≈s
█....(█.^█.████ .
█.....█████ ██^...█ █....
.


You could see 2 wolf spiders, 2 trapdoor spiders, 2 tarantellas, 4 redbacks and
a friendly ogre (berserk).

Vanquished Creatures
  Norris (Spider:2)
  Asterion (Spider:3)
  Agnes (Spider:3)
  A sphinx (D:15)
  Roxanne (Spider:3)
  A ghost moth (Spider:4)
  Donald (Orc:3)
  Wiglaf (Spider:4)
  Maud (Lair:3)
  A frost giant (IceCv)
  Louise (Spider:3)
  An emperor scorpion (Spider:4)
  A vampire knight (D:15)
  Azrael (Spider:4)
  An ettin (D:15)
  8 vault guards
  A yaktaur captain (D:15)
  10 hydras
  Fannar (Orc:2)
  2 ogre magi (D:15)
  6 centaur warriors
  8 death yaks
  A deep troll earth mage (D:15)
  A deep troll shaman (D:15)
  Urug (Orc:3)
  3 orc high priests (Orc:4)
  A catoblepas (D:13)
  Nergalle (D:12)
  2 unseen horrors
  3 skeletal warriors (D:15)
  4 lindwurms (D:8)
  An ice statue (IceCv)
  Erolcha (D:10)
  13 hill giants
  8 orb spiders
  A necromancer (D:15)
  4 orc knights
  4 orc sorcerers (Orc:4)
  A harpy (D:15)
  5 cyclopes
  A wolf spider zombie (D:14)
  5 slime creatures
  25 wolf spiders
  2 moths of wrath
  5 red wasps
  5 ugly things
  3 black mambas
  4 griffons
  2 sixfirhies (Orc:4)
  23 elephants
  A smoke demon (D:15)
  Maurice (Orc:3)
  A gargoyle (D:15)
  11 spiny frogs
  2 torpor snails
  A naga mage (D:15)
  12 komodo dragons
  Psyche (D:13)
  7 trolls
  A kobold demonologist (D:15)
  2 guardian serpents (D:15)
  7 demonic crawlers
  4 fire drakes
  A yaktaur (D:15)
  A queen bee (Lair:3)
  17 jumping spiders
  3 two-headed ogres
  12 blink frogs
  A human zombie (D:15)
  22 polar bears
  A guardian serpent zombie (D:15)
  Prince Ribbit (D:7)
  A wolf spider simulacrum (D:15)
  2 boulder beetles (Spider:5)
  A yak (shapeshifter) (D:15)
  19 trapdoor spiders
  3 shadows
  28 redbacks
  12 spriggans (Lair:8)
  17 tarantellas
  66 yaks
  2 water elementals (D:13)
  A basilisk (Lair:1)
  2 wraiths
  5 fire elementals (Spider:4)
  9 hippogriffs
  2 hungry ghosts
  Grum (D:13)
  2 steam dragons
  2 nagas (D:15)
  3 vampire mosquitoes (D:15)
  4 wyverns
  A deep elf fighter (D:15)
  2 soldier ants
  A wolf (shapeshifter) (D:12)
  3 wargs
  2 mottled dragons
  36 wolves
  6 swamp worms (Lair:3)
  3 hell hounds (Spider:4)
  32 water moccasins
  15 orc warriors
  12 porcupines
  27 spiders
  2 eyes of draining
  6 yellow wasps
  5 sky beasts
  8 ice beasts
  21 ogres
  3 phantoms
  4 boggarts (D:15)
  2 boring beetles
  12 centaurs
  5 black bears (Lair:8)
  Sigmund (D:3)
  A big kobold (D:14)
  A brain worm (D:15)
  17 crocodiles
  20 giant frogs
  A wyvern zombie (D:15)
  7 scorpions
  A water moccasin skeleton (D:11)
  30 killer bees
  5 electric eels
  2 goliath beetles
  2 vampire bats (Orc:3)
  3 centaur zombies
  9 crimson imps
  2 giant frog zombies
  3 jellies
  5 wights (D:12)
  9 hounds
  Crazy Yiuf (D:4)
  2 giant frog skeletons
  9 centaur skeletons
  27 orc priests
  8 worker ants
  10 iguanas
  Natasha (thrice) (D:3)
  28 orc wizards
  8 sheep
  A killer bee zombie (D:10)
  Robin (D:2)
  58 river rats
  44 adders
  A shadow imp (D:15)
  13 white imps
  A giant mite (D:4)
  2 giant eyeballs (D:15)
  4 worms
  2 adder zombies
  5 giant geckos
  181 orcs
  25 bats
  2 bat zombies (D:7)
  9 giant cockroaches
  19 hobgoblins
  5 jackals
  14 kobolds
  12 quokkas
  A ball python zombie (D:6)
  A giant gecko skeleton (D:5)
  6 giant newts
  3 giant spores
  24 goblins
  2 goblin zombies (D:4)
  5 hobgoblin zombies (D:4)
  3 kobold zombies (D:4)
  4 orc zombies
  A quokka skeleton (D:4)
  A quokka zombie (D:7)
  21 rats
  15 ballistomycetes
  A fungus (Lair:3)
1383 creatures vanquished.

Vanquished Creatures (collateral kills)
  2 death yaks (Lair:5)
  An orc knight (Orc:4)
  An elephant (Lair:5)
  A sixfirhy (Orc:4)
  A red wasp zombie (D:14)
  2 yaks (Lair:5)
  2 spriggans (Lair:8)
  A chaos spawn (Orc:4)
  A yellow wasp (Lair:8)
  3 orc warriors (Orc:4)
  An orc priest (Orc:4)
  A hound (Lair:5)
  An iguana (Lair:5)
  2 orc wizards (Orc:4)
  2 orc zombies (Orc:4)
22 creatures vanquished.

Vanquished Creatures (others)
  2 hill giants
  2 yaks (IceCv)
  A wolf (IceCv)
  A centaur (D:12)
  A killer bee (D:7)
  5 giant spores
  A ballistomycete (D:12)
  2 fungi (Lair:8)
  A plant (Lair:8)
16 creatures vanquished.

Grand Total: 1421 creatures vanquished

Notes
Turn   | Place    | Note
--------------------------------------------------------------
     0 | D:1      | nht, the Ogre Berserker, began the quest for the Orb.
     0 | D:1      | Reached XP level 1. HP: 24/24 MP: 1/1
   114 | D:1      | Reached XP level 2. HP: 20/32 MP: 2/2
   245 | D:1      | Reached skill level 5 in Maces & Flails
   250 | D:1      | Acquired Trog's second power
   519 | D:1      | Reached XP level 3. HP: 31/39 MP: 3/3
   755 | D:2      | Found a blossoming altar of Fedhas.
   788 | D:2      | Noticed Robin
   799 | D:2      | Killed Robin
   799 | D:2      | Reached skill level 6 in Maces & Flails
   801 | D:2      | Reached XP level 4. HP: 37/48 MP: 4/4
  1384 | D:2      | Found an opulent altar of Gozag.
  1385 | D:2      | Found a white marble altar of Elyvilon.
  1645 | D:3      | Reached skill level 7 in Maces & Flails
  1668 | D:3      | Noticed Sigmund
  1679 | D:3      | Killed Sigmund
  1679 | D:3      | Reached skill level 8 in Maces & Flails
  1679 | D:3      | Reached XP level 5. HP: 54/54 MP: 5/5
  1794 | D:3      | Noticed Natasha
  1805 | D:3      | Killed Natasha
  1936 | D:3      | Noticed Natasha
  1945 | D:3      | Killed Natasha
  2077 | D:3      | Found a radiant altar of Vehumet.
  2108 | D:3      | Found a shattered altar of Ashenzari.
  2118 | D:3      | Noticed Natasha
  2121 | D:3      | Killed Natasha
  2381 | D:4      | Reached XP level 6. HP: 56/62 MP: 6/6
  2485 | D:4      | Found a glowing golden altar of the Shining One.
  2498 | D:4      | Reached skill level 9 in Maces & Flails
  2782 | D:4      | Noticed Crazy Yiuf
  2788 | D:4      | Killed Crazy Yiuf
  2835 | D:4      | Found a staircase to the Ecumenical Temple.
  3066 | D:4      | Acquired Trog's third power
  3425 | D:5      | Entered Level 5 of the Dungeon
  3524 | D:5      | Reached skill level 10 in Maces & Flails
  3524 | D:5      | Reached XP level 7. HP: 70/70 MP: 7/7
  3677 | D:5      | Reached skill level 1 in Throwing
  3953 | D:6      | Found Chicw's Book Emporium.
  3971 | D:6      | Found Qoneh's Book Boutique.
  3987 | D:6      | Reached skill level 11 in Maces & Flails
  3987 | D:6      | Reached XP level 8. HP: 78/78 MP: 8/8
  4070 | D:6      | Found Owkuocs' Magic Scroll Emporium.
  4077 | D:6      | Bought a scroll of fear for 45 gold pieces
  4077 | D:6      | Bought 3 scrolls of teleportation for 117 gold pieces
  4077 | D:6      | Bought a scroll of magic mapping for 45 gold pieces
  4114 | D:6      | Found a sacrificial altar of Ru.
  4239 | D:6      | Found Yprijec's Magic Scroll Shop.
  4352 | D:6      | Reached skill level 5 in Throwing
  4474 | D:6      | Found Azizuell's Assorted Antiques.
  4478 | D:6      | Bought a scroll labeled BEXZOPHA LOYDOORCH for 35 gold pieces
  4709 | D:7      | Reached skill level 12 in Maces & Flails
  4792 | D:7      | Reached XP level 9. HP: 42/84 MP: 9/9
  4898 | D:7      | Received a gift from Trog
  5040 | D:7      | Gained mutation: You can breathe flames. [potion of mutation]
  5040 | D:7      | Gained mutation: You are dopey. (Int -2) [potion of mutation]
  5042 | D:7      | HP: 1/84 [killer bee (6)]
  5144 | D:7      | Noticed Prince Ribbit
  5439 | D:7      | Killed Prince Ribbit
  5439 | D:7      | Reached skill level 13 in Maces & Flails
  5982 | D:8      | Received a gift from Trog
  6077 | D:8      | Noticed a lindwurm
  6105 | D:8      | Noticed a lindwurm
  6174 | D:8      | Reached skill level 5 in Fighting
  6177 | D:8      | Reached XP level 10. HP: 93/96 MP: 10/10
  6328 | D:8      | Noticed a lindwurm
  6438 | D:9      | Gained mutation: You have sharp toenails. [potion of beneficial mutation]
  6460 | D:9      | Reached skill level 14 in Maces & Flails
  6496 | D:9      | Found a staircase to the Lair.
  6511 | D:9      | Received a gift from Trog
  7145 | D:9      | Found a deep blue altar of Sif Muna.
  7276 | D:10     | Entered Level 10 of the Dungeon
  7276 | D:10     | Noticed Erolcha
  7289 | D:10     | Killed Erolcha
  7558 | D:10     | Noticed a hill giant
  7569 | D:10     | Killed a hill giant
  7569 | D:10     | Received a gift from Trog
  7796 | D:10     | Found a staircase to the Orcish Mines.
  8068 | D:11     | Reached XP level 11. HP: 76/111 MP: 11/11
  8122 | D:11     | Noticed a hill giant
  8131 | D:11     | Killed a hill giant
  8323 | D:11     | Reached skill level 15 in Maces & Flails
  8323 | D:11     | Reached skill level 10 in Throwing
  8481 | D:11     | Noticed a hill giant
  8490 | D:11     | Killed a hill giant
  8490 | D:11     | Reached skill level 5 in Armour
  8702 | D:12     | Noticed a centaur warrior
  8709 | D:12     | Killed a centaur warrior
  9257 | D:12     | Noticed a hill giant
  9271 | D:12     | Killed a hill giant
  9393 | D:12     | Found a shimmering altar of Xom.
  9393 | D:12     | Found a shimmering altar of Xom.
  9393 | D:12     | Found a shimmering altar of Xom.
  9393 | D:12     | Found a shimmering altar of Xom.
  9394 | D:12     | Found a shimmering altar of Xom.
  9394 | D:12     | Found a shimmering altar of Xom.
  9480 | D:12     | Noticed a hill giant
  9496 | D:12     | Killed a hill giant
  9628 | D:12     | Found Azxu's Jewellery Shop.
  9658 | D:12     | Noticed a six-headed hydra
  9672 | D:12     | Killed a six-headed hydra
  9672 | D:12     | Reached skill level 10 in Fighting
  9672 | D:12     | Reached XP level 12. HP: 126/126 MP: 12/12
  9760 | D:12     | Noticed Nergalle
  9768 | D:12     | Killed Nergalle
  9928 | Orc:1    | Entered Level 1 of the Orcish Mines
  9955 | Orc:1    | Received a gift from Trog
 10226 | Orc:2    | Received a gift from Trog
 10227 | Orc:2    | Got a faintly glowing giant spiked club {god gift}
 10228 | Orc:2    | Identified the +6 giant spiked club of Phixt {crush, Contam rElec Int+3 Dex+3 Stlth++} (Trog gifted it to you on level 2 of the Orcish Mines)
 10265 | Orc:2    | Found a radiant altar of Vehumet.
 10302 | Orc:2    | Noticed Fannar
 10314 | Orc:2    | Killed Fannar
 10314 | Orc:2    | Reached skill level 16 in Maces & Flails
 10759 | Orc:1    | Received a gift from Trog
 10788 | Orc:1    | Received a gift from Trog
 11112 | Orc:3    | Noticed Donald
 11459 | Orc:3    | Killed Donald
 11459 | Orc:3    | Reached skill level 17 in Maces & Flails
 11560 | Orc:3    | Found a roughly hewn altar of Beogh.
 11687 | Orc:4    | Entered Level 4 of the Orcish Mines
 11702 | Orc:4    | Received a gift from Trog
 11882 | Orc:4    | Received a gift from Trog
 11891 | Orc:3    | Noticed Maurice
 12075 | Orc:3    | Received a gift from Trog
 12099 | Orc:3    | Received a gift from Trog
 12166 | Orc:3    | Noticed Urug
 12170 | Orc:3    | Killed Urug
 12182 | Orc:3    | Received a gift from Trog
 12426 | Orc:3    | Killed Maurice
 12519 | Orc:4    | Received a gift from Trog
 12520 | Orc:4    | Found an iron altar of Okawaru.
 12543 | Orc:4    | Reached skill level 18 in Maces & Flails
 12726 | Orc:4    | Found a staircase to the Elven Halls.
 12802 | Orc:4    | Found Chaannep's Distillery.
 12806 | Orc:4    | Noticed an orc high priest
 12810 | Orc:4    | Killed an orc high priest
 12811 | Orc:4    | Noticed an orc high priest
 13042 | Orc:4    | Reached skill level 19 in Maces & Flails
 13042 | Orc:4    | Reached XP level 13. HP: 121/133 MP: 13/13
 13055 | Orc:4    | Noticed an orc high priest
 13058 | Orc:4    | Killed an orc high priest
 13083 | Orc:4    | Killed an orc high priest
 13112 | Orc:4    | Received a gift from Trog
 13127 | Orc:4    | Found Naosayc's Antique Weapon Emporium.
 13127 | Orc:4    | Found Cha Fuah's Antique Armour Emporium.
 13128 | Orc:4    | Found Raos Tra's Gadget Boutique.
 13156 | Orc:4    | Bought a potion of heal wounds for 60 gold pieces
 13156 | Orc:4    | Bought 2 potions of might for 96 gold pieces
 13156 | Orc:4    | Bought a potion of curing for 36 gold pieces
 13156 | Orc:4    | Bought a potion of heal wounds for 60 gold pieces
 13156 | Orc:4    | Bought a potion of curing for 36 gold pieces
 13156 | Orc:4    | Bought a potion of agility for 48 gold pieces
 13450 | D:12     | Bought the ring "Shyemot" {rPois Slay+5 Stlth--} for 768 gold pieces
 13450 | D:12     | Bought a cursed amulet of regeneration for 459 gold pieces
 13663 | D:6      | Bought a scroll labeled ATEFRUP ATWIDUEF for 35 gold pieces
 13810 | Lair:1   | Entered Level 1 of the Lair of Beasts
 13863 | Lair:1   | Reached skill level 20 in Maces & Flails
 14791 | Lair:2   | Found a frozen archway.
 14795 | Lair:2   | Received a gift from Trog
 14820 | IceCv    | Entered an ice cave
 14998 | IceCv    | Received a gift from Trog
 15177 | IceCv    | Got a scorched giant spiked club {god gift}
 15470 | IceCv    | Identified the +1 giant spiked club of Earthquakes {crush, +Rage SInv} (Trog gifted it to you in an ice cave)
 15633 | IceCv    | Reached skill level 21 in Maces & Flails
 15963 | IceCv    | Received a gift from Trog
 16458 | IceCv    | Noticed a frost giant
 16474 | IceCv    | Killed a frost giant
 16482 | IceCv    | Reached skill level 22 in Maces & Flails
 16482 | IceCv    | Reached XP level 14. HP: 97/143 MP: 14/14
 16507 | IceCv    | Received a gift from Trog
 16521 | IceCv    | Got a twisted giant club {god gift}
 16522 | IceCv    | Identified the +8 giant club of the Vase {speed, Contam rElec rF+ MR+ Dex+3} (Trog gifted it to you in an ice cave)
 16620 | Lair:2   | Gained mutation: You are clumsy. (Dex -2) [mutagenic glow]
 17404 | Lair:3   | Noticed Maud
 17414 | Lair:3   | Killed Maud
 17495 | Lair:3   | Received a gift from Trog
 17636 | Lair:3   | You fall through a shaft for 2 floors!
 17907 | Lair:5   | Received a gift from Trog
 18319 | Lair:5   | Received a gift from Trog
 19019 | Lair:6   | Received a gift from Trog
 19025 | Lair:6   | Got a pitted giant spiked club {god gift}
 19026 | Lair:6   | Identified the +9 giant spiked club of Xail {freeze, +Fly rElec rPois Stlth+} (Trog gifted it to you on level 6 of the Lair of Beasts)
 19227 | Lair:6   | Found a staircase to the Shoals.
 19258 | Lair:6   | Identified a scroll of acquirement
 19259 | Lair:6   | Got a creamy pearl robe
 19270 | Lair:6   | Identified the -6 robe "Ulutemuc" {Int+3 Dex+3} (You acquired it on level 6 of the Lair of Beasts)
 19428 | Lair:6   | Found a hole to the Spider Nest.
 19531 | Lair:6   | Received a gift from Trog
 20024 | Lair:4   | Received a gift from Trog
 20343 | Lair:4   | Received a gift from Trog
 20965 | Lair:3   | Reached XP level 15. HP: 118/157 MP: 15/15
 20978 | Lair:3   | Found a staircase to the Swamp.
 21407 | Lair:7   | Received a gift from Trog
 22021 | Lair:7   | Reached skill level 23 in Maces & Flails
 22233 | Lair:7   | Received a gift from Trog
 22234 | Lair:7   | Got a scorched giant club {god gift}
 22265 | Lair:7   | Identified the +6 giant club of Blegeaf {crush, rC+ SInv} (Trog gifted it to you on level 7 of the Lair of Beasts)
 22323 | Lair:8   | Entered Level 8 of the Lair of Beasts
 22653 | Lair:8   | Received a gift from Trog
 22808 | Lair:8   | Received a gift from Trog
 23384 | Lair:8   | Found a staircase to the Slime Pits.
 23427 | Lair:8   | Received a gift from Trog
 24202 | D:8      | Killed a lindwurm
 24205 | D:8      | Killed a lindwurm
 24206 | D:8      | Noticed a lindwurm
 24210 | D:8      | Killed a lindwurm
 24215 | D:8      | Killed a lindwurm
 24215 | D:8      | Reached XP level 16. HP: 169/172 MP: 16/16
 24228 | D:8      | Got a scintillating turquoise ring
 24231 | D:8      | Identified the ring "Stuanef" {rC+ Slay+2} (You found it on level 8 of the Dungeon)
 24593 | D:13     | Received a gift from Trog
 24974 | D:13     | Noticed Psyche
 24978 | D:13     | Killed Psyche
 25032 | D:13     | Noticed Grum
 25040 | D:13     | Killed Grum
 25678 | D:14     | Found a gate to the Vaults.
 25709 | D:14     | Received a gift from Trog
 25922 | D:14     | Received a gift from Trog
 25923 | D:14     | Got a dazzling giant spiked club {god gift}
 25924 | D:14     | Identified the +5 giant spiked club of Pyasch {crush, *Rage rN+} (Trog gifted it to you on level 14 of the Dungeon)
 26501 | D:15     | Entered Level 15 of the Dungeon
 26586 | D:15     | Paralysed by a giant eyeball for 4 turns
 26655 | D:15     | Found a staircase to the Depths.
 26857 | D:15     | Reached skill level 10 in Armour
 26880 | D:15     | Reached skill level 15 in Fighting
 26947 | D:15     | Got a steaming amber ring
 26948 | D:15     | Identified the cursed ring "Cututz" {SustAb +Blink rElec rPois} (You found it on level 15 of the Dungeon)
 26955 | D:15     | Found Etwucuen's Weapon Shop.
 27066 | D:15     | Got a fine jade ring
 27068 | D:15     | Identified the ring of Fycaged {SustAb rElec Str+3} (You found it on level 15 of the Dungeon)
 27102 | D:15     | Found Looxebaha's General Store.
 27127 | D:15     | Reached skill level 24 in Maces & Flails
 27183 | D:15     | Received a gift from Trog
 27187 | D:15     | Lost intelligence.
 27208 | D:15     | Got a pitted giant club {god gift}
 27209 | D:15     | Identified the +9 giant club "Otiqiw" {freeze, Dex-2} (Trog gifted it to you on level 15 of the Dungeon)
 27341 | D:15     | Got a vibrating silver ring
 27352 | D:15     | Identified the ring of Kecuig {+Inv rElec Stlth+} (You found it on level 15 of the Dungeon)
 27354 | D:15     | Found Weics' General Store.
 27360 | D:15     | Bought a scroll of magic mapping for 45 gold pieces
 27360 | D:15     | Bought a scroll of recharging for 123 gold pieces
 27403 | D:15     | Noticed a sphinx
 27407 | D:15     | Killed a sphinx
 27478 | D:15     | Reached XP level 17. HP: 106/184 MP: 17/17
 28065 | Spider:1 | Entered Level 1 of the Spider Nest
 28087 | Spider:1 | Received a gift from Trog
 28089 | Spider:1 | Got a fine giant club {god gift}
 28090 | Spider:1 | Identified the +5 giant club of Egomania {crush, +Blink} (Trog gifted it to you on level 1 of the Spider Nest)
 28472 | Spider:1 | Reached skill level 15 in Throwing
 28663 | Spider:2 | Got a transparent hat
 28674 | Spider:2 | Identified the +0 hat of an ice cave {rF+ Stlth++} (You found it on level 2 of the Spider Nest)
 28849 | Spider:2 | Received a gift from Trog
 28850 | Spider:2 | Got a jewelled quarterstaff {god gift}
 29136 | Spider:2 | Noticed Norris
 29154 | Spider:2 | Killed Norris
 29324 | Spider:3 | Noticed Roxanne
 29337 | Spider:3 | Killed Roxanne
 29350 | Spider:3 | Identified Roxanne's Handbook of Transformation and Stones (You took it off Roxanne on level 3 of the Spider Nest)
 29468 | Spider:3 | Noticed Asterion
 29478 | Spider:3 | Noticed a spectral weapon
 29492 | Spider:3 | Killed Asterion
 29828 | Spider:3 | Noticed Agnes
 29832 | Spider:3 | Killed Agnes
 30010 | Spider:3 | Noticed Louise
 30023 | Spider:3 | Killed Louise
 30404 | Spider:3 | Received a gift from Trog
 30948 | Spider:4 | Received a gift from Trog
 31048 | Spider:4 | Noticed Azrael
 31073 | Spider:4 | Killed Azrael
 31201 | Spider:4 | Received a gift from Trog
 31202 | Spider:4 | Got a shimmering giant club {god gift}
 31203 | Spider:4 | Identified the +5 giant club of Vieka {crush, +Fly} (Trog gifted it to you on level 4 of the Spider Nest)
 31460 | Spider:4 | Reached XP level 18. HP: 178/198 MP: 0/18
 31548 | Spider:4 | Noticed Wiglaf
 31559 | Spider:4 | Killed Wiglaf
 31749 | Spider:5 | Entered Level 5 of the Spider Nest
 32530 | Spider:5 | Slain by a redback

Action                   |  1- 3 |  4- 6 |  7- 9 | 10-12 | 13-15 | 16-18 || total
-------------------------+-------+-------+-------+-------+-------+-------++-------
Melee: Mace              |   105 |   286 |    21 |       |       |       ||   412
       Flail             |       |       |   398 |   444 |       |       ||   842
       Giant spiked club |       |       |       |   232 |   211 |       ||   443
       Giant club        |       |       |       |       |   880 |   625 ||  1505
Throw: Tomahawk          |       |       |     1 |   111 |   142 |   276 ||   530
       Large rock        |       |       |       |    16 |    11 |    63 ||    90
       Javelin           |       |       |       |     8 |       |     1 ||     9
Invok: Berserk           |     2 |     7 |    14 |    19 |     5 |     4 ||    51
       Burn Spellbooks   |       |       |     1 |     1 |     3 |     5 ||    10
       Trog's Hand       |       |       |     1 |     1 |     6 |     5 ||    13
       Brothers in Arms  |       |       |       |     1 |     3 |     2 ||     6
 Abil: Evoke Flight      |       |       |       |       |     3 |       ||     3
Evoke: Wand              |       |       |     7 |     2 |     3 |       ||    12
  Use: Potion            |       |    11 |     6 |     3 |     2 |     4 ||    26
       Scroll            |       |     1 |     7 |     3 |    12 |    15 ||    38
 Stab: Confused          |       |     1 |       |       |       |       ||     1
       Sleeping          |       |       |       |     2 |     1 |     1 ||     4
       Distracted        |       |       |       |     1 |     2 |     1 ||     4
       Invisible         |       |       |       |       |     2 |       ||     2
       Fleeing           |       |       |       |       |     2 |       ||     2
       Held in net/web   |       |       |       |       |       |     2 ||     2
  Eat: Chunk             |     1 |    15 |    22 |    29 |    32 |    10 ||   109
       Fruit             |       |     2 |     2 |     9 |     2 |    13 ||    28
       Beef jerky        |       |       |       |     5 |     3 |     1 ||     9
       Pizza             |       |       |       |       |     2 |     3 ||     5
       Royal jelly       |       |       |       |       |       |     7 ||     7
